PCL
LAS VEGAS STARS @ MILE HIGH BRONCOS
08/14/2030
 
TOP OF THE 1ST
Las Vegas Stars batting - Pitching for Mile High Broncos : LHP Francisco Rodríguez
Pitching: LHP Francisco Rodríguez
Batting: LHB Phil Smith 0-0: Ball
1-0: Swinging Strike
1-1: Foul Ball, location: 2F
1-2: Ball
2-2: Foul Ball, location: 2F
2-2: Foul Ball, location: 2F
2-2: Foul Ball, location: 2F
2-2: Strikes out swinging
Batting: RHB Ricardo Guzmán 0-0: DOUBLE (Line Drive, 9D)
Batting: LHB Paco Rivera 0-0: Ball
1-0: Ground out 6-3 (Groundball, 56)
Batting: LHB Patrick Osborne 0-0: Hit by Pitch
Pinch Runner at 1st Sam Wallace:
Batting: RHB Juan Valverde 0-0: Swinging Strike
0-1: SINGLE (Line Drive, 6D)
Ricardo Guzmán to third
Sam Wallace to second
Runner from 3rd tries for Home, SAFE, no throw
Batting: RHB Alonso Holguín 0-0: Ball
1-0: Foul Ball, location: 2F
1-1: Swinging Strike
1-2: Fly out, F9 (Flyball, 9S)
Top of the 1st over - 1 run, 2 hits, 0 errors, 2 left on base; Las Vegas 1 - Mile High 0
BOTTOM OF THE 1ST
Mile High Broncos batting - Pitching for Las Vegas Stars : LHP Jesús González
Pitching: LHP Jesús González
Batting: RHB José Darias 0-0: Ground out U3 (Groundball, 3S)
Batting: SHB Michael Field 0-0: Ball
1-0: Foul Ball, location: 2F
1-1: Ball
2-1: Called Strike
2-2: Strikes out swinging
Batting: RHB Rodney González 0-0: Foul Ball, location: 2F
0-1: Fly out, F3 (Popup, 23F)
Bottom of the 1st over - 0 runs, 0 hits, 0 errors, 0 left on base; Las Vegas 1 - Mile High 0
TOP OF THE 2ND
Las Vegas Stars batting - Pitching for Mile High Broncos : LHP Francisco Rodríguez
Batting: SHB Enrique Uribe 0-0: Fly out, F9 (Flyball, 9LS)
Batting: RHB Gabriel Miranda 0-0: Foul Ball, location: 2F
0-1: Ball
1-1: Ball
2-1: SINGLE (Line Drive, 8RS)
Batting: RHB Fernando Bórquez 0-0: Ball
1-0: Ball
2-0: SINGLE (Line Drive, 56D)
Gabriel Miranda to second
Batting: LHB Phil Smith 0-0: Ball
1-0: Called Strike
1-1: Called Strike
1-2: Grounds out, U3 (Groundball, 3L)
Gabriel Miranda to third
Batting: RHB Ricardo Guzmán 0-0: Called Strike
0-1: Foul Ball, location: 2F
0-2: Ground out 5-3 (Groundball, 56S)
Top of the 2nd over - 0 runs, 2 hits, 0 errors, 2 left on base; Las Vegas 1 - Mile High 0
BOTTOM OF THE 2ND
Mile High Broncos batting - Pitching for Las Vegas Stars : LHP Jesús González
Batting: RHB António Martínez 0-0: Ball
1-0: Reached on error, E1 (Groundball, 15S)
Batting: RHB Edward Williams 0-0: DOUBLE (Line Drive, 78D)
António Martínez to third
Batting: SHB Ben Marks 0-0: Called Strike
0-1: Swinging Strike
0-2: Ball
1-2: Ball
2-2: Ball
3-2: Fly out, F8 (Flyball, 8RM)
Runner from 3rd tags up, SCORES, throw made
Batting: RHB Tom Lang 0-0: Ball
1-0: Ground out 6-3 (Groundball, 56)
Batting: SHB Paco Martínez 0-0: Swinging Strike
0-1: Ball
1-1: Swinging Strike
Balk!
Edward Williams to third
1-2: Foul Ball, location: 2F
1-2: Fly out, F7 (Flyball, 7D)
Bottom of the 2nd over - 1 run, 1 hit, 1 error, 1 left on base; Las Vegas 1 - Mile High 1
TOP OF THE 3RD
Las Vegas Stars batting - Pitching for Mile High Broncos : LHP Francisco Rodríguez
Batting: LHB Paco Rivera 0-0: Called Strike
0-1: Ball
1-1: Called Strike
1-2: Ball
2-2: Foul Ball, location: 2F
2-2: Foul Ball, location: 2F
2-2: Ground out 3-1 (Groundball, 34S)
Batting: RHB Sam Wallace 0-0: Called Strike
0-1: Ball
1-1: Foul Ball, location: 2F
1-2: Foul Ball, location: 2F
1-2: Ball
2-2: Foul Ball, location: 2F
2-2: Strikes out looking
Batting: RHB Juan Valverde 0-0: Ball
1-0: Ball
2-0: Foul Ball, location: 2F
2-1: Foul Ball, location: 2F
2-2: Ball
3-2: Base on Balls
Batting: RHB Alonso Holguín 0-0: Ball
1-0: Called Strike
1-1: Foul Ball, location: 2F
1-2: SINGLE (Line Drive, 56D)
Juan Valverde to second
Batting: SHB Enrique Uribe 0-0: Foul Ball, location: 2F
0-1: Ball
1-1: Fly out, F8 (Flyball, 78D)
Top of the 3rd over - 0 runs, 1 hit, 0 errors, 2 left on base; Las Vegas 1 - Mile High 1
BOTTOM OF THE 3RD
Mile High Broncos batting - Pitching for Las Vegas Stars : LHP Jesús González
Batting: RHB Mançio Delmage 0-0: Called Strike
0-1: Ball
1-1: Called Strike
1-2: Ball
2-2: Ground out 6-3 (Groundball, 6)
Batting: RHB José Darias 0-0: Called Strike
0-1: Ball
1-1: Foul Ball, location: 2F
1-2: Ball
2-2: Ball
3-2: Base on Balls
Batting: SHB Michael Field 0-0: Ball
Passed Ball!
José Darias to second
1-0: Swinging Strike
1-1: Swinging Strike
1-2: Strikes out looking
Batting: RHB Rodney González 0-0: Ball
1-0: SINGLE (Flyball, 7LS)
José Darias to third
Runner from 3rd tries for Home, SAFE, throw made home
Rodney González to second
Batting: RHB António Martínez 0-0: 2-RUN HOME RUN (Line Drive, 8LXD), Distance : 437 ft
Batting: RHB Edward Williams 0-0: Ball
1-0: Ball
2-0: Ball
3-0: Base on Balls
Batting: SHB Ben Marks 0-0: Ball
1-0: Called Strike
1-1: Fly out, F6 (Line Drive, 6)
Bottom of the 3rd over - 3 runs, 2 hits, 0 errors, 1 left on base; Las Vegas 1 - Mile High 4
TOP OF THE 4TH
Las Vegas Stars batting - Pitching for Mile High Broncos : LHP Francisco Rodríguez
Batting: RHB Gabriel Miranda 0-0: Ball
1-0: Called Strike
1-1: Ball
2-1: Foul Ball, location: 2F
2-2: Ball
3-2: SINGLE (Line Drive, 8LS)
Batting: RHB Fernando Bórquez 0-0: Ball
1-0: Ball
2-0: Called Strike
2-1: SINGLE (Groundball, 56D)
Gabriel Miranda to second
Batting: LHB Phil Smith 0-0: Ball
1-0: Ball
2-0: Called Strike
2-1: Foul Ball, location: 2F
2-2: SINGLE (Groundball, 34D)
Gabriel Miranda to third
Fernando Bórquez to second
Batting: RHB Ricardo Guzmán 0-0: Ball
1-0: SINGLE (Line Drive, 8LS)
Gabriel Miranda scores
Fernando Bórquez to third
Phil Smith to second
Batting: LHB Paco Rivera 0-0: Ball
1-0: Ball
2-0: Ball
3-0: Called Strike
3-1: Foul Ball, location: 2F
3-2: Strikes out looking
Batting: RHB Sam Wallace 0-0: GRAND SLAM HOME RUN (Flyball, 89XD), Distance : 391 ft
Batting: RHB Juan Valverde 0-0: Swinging Strike
0-1: Swinging Strike
0-2: Ball
1-2: Strikes out swinging
Batting: RHB Alonso Holguín 0-0: SINGLE (Line Drive, 34D)
Batting: SHB Enrique Uribe 0-0: Fly out, F8 (Flyball, 8RM)
Top of the 4th over - 5 runs, 6 hits, 0 errors, 1 left on base; Las Vegas 6 - Mile High 4
BOTTOM OF THE 4TH
Mile High Broncos batting - Pitching for Las Vegas Stars : LHP Jesús González
Batting: RHB Tom Lang 0-0: Ball
1-0: Ball
2-0: Called Strike
2-1: Foul Ball, location: 2F
2-2: Fly out, F7 (Flyball, 78D)
Batting: SHB Paco Martínez 0-0: Bunt missed!
0-1: Ball
1-1: Ball
2-1: Foul Ball, location: 2F
2-2: Ground out 5-3 (Groundball, 56)
Batting: RHB Mançio Delmage 0-0: Ball
1-0: Ball
2-0: Ball
3-0: Called Strike
3-1: Called Strike
3-2: Strikes out swinging
Bottom of the 4th over - 0 runs, 0 hits, 0 errors, 0 left on base; Las Vegas 6 - Mile High 4
TOP OF THE 5TH
Las Vegas Stars batting - Pitching for Mile High Broncos : LHP Francisco Rodríguez
Batting: RHB Gabriel Miranda 0-0: Called Strike
0-1: Ball
1-1: Ball
2-1: Ground out 5-3 (Groundball, 56)
Batting: RHB Fernando Bórquez 0-0: Ball
1-0: Foul Ball, location: 2F
1-1: Fly out, F8 (Flyball, 8RS)
Batting: LHB Phil Smith 0-0: Ball
1-0: Foul Ball, location: 2F
1-1: Ball
2-1: Fly out, F8 (Flyball, 89M)
Top of the 5th over - 0 runs, 0 hits, 0 errors, 0 left on base; Las Vegas 6 - Mile High 4
BOTTOM OF THE 5TH
Mile High Broncos batting - Pitching for Las Vegas Stars : LHP Jesús González
Batting: RHB José Darias 0-0: Ball
1-0: Ball
2-0: Ball
3-0: Base on Balls
Batting: SHB Michael Field 0-0: DOUBLE (Line Drive, 7LD)
José Darias to third
Runner from 3rd tries for Home, SAFE, no throw
Batting: RHB Rodney González 0-0: Ball
1-0: Ball
2-0: Called Strike
2-1: Ball
3-1: Swinging Strike
3-2: Foul Ball, location: 2F
3-2: Foul Ball, location: 2F
3-2: Base on Balls
Batting: RHB António Martínez 0-0: Grounds into double play, 5-4-3 (Groundball, 56)
Michael Field to third
Batting: RHB Edward Williams 0-0: Ball
1-0: Ground out 6-3 (Groundball, 6)
Bottom of the 5th over - 1 run, 1 hit, 0 errors, 1 left on base; Las Vegas 6 - Mile High 5
TOP OF THE 6TH
Las Vegas Stars batting - Pitching for Mile High Broncos : LHP Francisco Rodríguez
Batting: RHB Ricardo Guzmán 0-0: Ball
1-0: Swinging Strike
1-1: Fly out, F5 (Popup, 5SF)
Batting: LHB Paco Rivera 0-0: Called Strike
0-1: Ball
1-1: Called Strike
1-2: Foul Ball, location: 2F
1-2: Ball
2-2: SINGLE (Line Drive, 89M)
Batting: RHB Sam Wallace 0-0: Ball
1-0: Ball
2-0: Ball
3-0: DOUBLE (Flyball, 8RXD)
Paco Rivera to third
Runner from 3rd tries for Home, SAFE, no throw
Batting: RHB Juan Valverde 0-0: Ball
1-0: Ball
2-0: Called Strike
2-1: Ball
3-1: Base on Balls
Batting: RHB Alonso Holguín 0-0: Called Strike
0-1: Fly out, F7 (Line Drive, 7)
Batting: SHB Enrique Uribe 0-0: Called Strike
0-1: Ball
1-1: SINGLE (Groundball, 56D)
Sam Wallace to third
Juan Valverde to second
Runner from 3rd tries for Home, SAFE, no throw
Pitching: RHP Hokusai Nakashima
Batting: RHB Gabriel Miranda 0-0: Foul Ball, location: 2F
0-1: Called Strike
0-2: Foul Ball, location: 2F
0-2: Ball
1-2: Ground out 4-3 (Groundball, 4MD)
Top of the 6th over - 2 runs, 3 hits, 0 errors, 2 left on base; Las Vegas 8 - Mile High 5
BOTTOM OF THE 6TH
Mile High Broncos batting - Pitching for Las Vegas Stars : LHP Jesús González
Batting: SHB Ben Marks 0-0: Swinging Strike
0-1: Ball
1-1: Swinging Strike
1-2: Strikes out looking
Batting: RHB Tom Lang 0-0: Ball
1-0: Ground out 4-3 (Groundball, 34)
Batting: SHB Paco Martínez 0-0: Foul Ball, location: 2F
0-1: Foul Ball, location: 2F
0-2: Fly out, F9 (Flyball, 89M)
Bottom of the 6th over - 0 runs, 0 hits, 0 errors, 0 left on base; Las Vegas 8 - Mile High 5
TOP OF THE 7TH
Las Vegas Stars batting - Pitching for Mile High Broncos : RHP Hokusai Nakashima
Batting: RHB Fernando Bórquez 0-0: Ground out 6-3 (Groundball, 56)
Batting: LHB Phil Smith 0-0: Called Strike
0-1: Ball
1-1: Fly out, F9 (Line Drive, 9)
Batting: RHB Ricardo Guzmán 0-0: Ball
1-0: Ball
2-0: Called Strike
2-1: Foul Ball, location: 2F
2-2: Strikes out swinging
Top of the 7th over - 0 runs, 0 hits, 0 errors, 0 left on base; Las Vegas 8 - Mile High 5
BOTTOM OF THE 7TH
Mile High Broncos batting - Pitching for Las Vegas Stars : LHP Jesús González
Batting: RHB Mançio Delmage 0-0: Called Strike
0-1: Swinging Strike
0-2: Ball
1-2: Strikes out swinging
Batting: RHB José Darias 0-0: Foul Ball, location: 2F
0-1: Ground out 5-3 (Groundball, 5)
Batting: SHB Michael Field 0-0: Ball
1-0: Ball
2-0: Foul Ball, location: 2F
2-1: Ball
3-1: SINGLE (Groundball, 56D)
Batting: RHB Rodney González 0-0: Ground out 3-1 (Groundball, 34S)
Bottom of the 7th over - 0 runs, 1 hit, 0 errors, 1 left on base; Las Vegas 8 - Mile High 5
TOP OF THE 8TH
Las Vegas Stars batting - Pitching for Mile High Broncos : RHP Hokusai Nakashima
Batting: LHB Paco Rivera 0-0: SINGLE (Groundball, 34D)
Batting: RHB Sam Wallace 0-0: Called Strike
0-1: Foul Ball, location: 2F
0-2: Strikes out swinging
Batting: RHB Juan Valverde 0-0: Foul Ball, location: 2F
0-1: Grounds into double play, 1-6-3 (Groundball, 13S)
Top of the 8th over - 0 runs, 1 hit, 0 errors, 0 left on base; Las Vegas 8 - Mile High 5
BOTTOM OF THE 8TH
Mile High Broncos batting - Pitching for Las Vegas Stars : LHP Jesús González
Pitching: LHP Gian-Andrea Nota
Batting: RHB António Martínez 0-0: Ball
1-0: Ball
2-0: Ball
3-0: Base on Balls
Batting: RHB Edward Williams 0-0: Ball
1-0: Called Strike
1-1: Ground out 5-3 (Groundball, 56S)
António Martínez to second
Batting: SHB Ben Marks 0-0: Ball
1-0: Called Strike
1-1: Swinging Strike
1-2: Foul Ball, location: 2F
1-2: Fly out, F9 (Flyball, 89M)
Batting: RHB Tom Lang 0-0: Ball
1-0: Ball
2-0: Foul Ball, location: 2F
2-1: Fly out, F9 (Flyball, 89M)
Bottom of the 8th over - 0 runs, 0 hits, 0 errors, 1 left on base; Las Vegas 8 - Mile High 5
TOP OF THE 9TH
Las Vegas Stars batting - Pitching for Mile High Broncos : RHP Hokusai Nakashima
Batting: RHB Alonso Holguín 0-0: Ground out 6-3 (Groundball, 6)
Batting: SHB Enrique Uribe 0-0: Called Strike
0-1: Swinging Strike
0-2: Ball
1-2: Ground out 5-3 (Groundball, 2L)
Batting: RHB Gabriel Miranda 0-0: Ball
1-0: Fly out, F9 (Flyball, 9)
Top of the 9th over - 0 runs, 0 hits, 0 errors, 0 left on base; Las Vegas 8 - Mile High 5
BOTTOM OF THE 9TH
Mile High Broncos batting - Pitching for Las Vegas Stars : LHP Gian-Andrea Nota
Pitching: RHP Roberto Moreno
Batting: SHB Paco Martínez 0-0: Ball
1-0: Ball
2-0: Ball
3-0: Called Strike
3-1: Called Strike
3-2: Foul Ball, location: 2F
3-2: Base on Balls
Batting: RHB Mançio Delmage 0-0: Ball
1-0: Swinging Strike
1-1: Reached on error, E1 (Groundball, 15)
Paco Martínez to second
Pinch Hitting: RHB Tim Hanson 0-0: Foul Ball, location: 2F
0-1: Fly out, F7 (Flyball, 78D)
Batting: SHB Michael Field 0-0: Ball
1-0: Ball
2-0: Fly out, F8 (Flyball, 8RD)
Batting: RHB Rodney González 0-0: Ball
1-0: Called Strike
1-1: Reached on error, E4 (Groundball, 4)
Paco Martínez to third
Mançio Delmage to second
Batting: RHB António Martínez 0-0: Ball
1-0: Foul Ball, location: 2F
1-1: SINGLE (Groundball, 6MD)
Paco Martínez scores
Mançio Delmage to third
Rodney González to second
Batting: RHB Edward Williams 0-0: Fielders Choice at 2nd, 5-4 (Groundball, 5)
Bottom of the 9th over - 1 run, 1 hit, 2 errors, 3 left on base; Las Vegas 8 - Mile High 6
Saturday, April 7th, 2018 - OOTP Baseball 18.8 Build 76